TOP OF THE 1ST |
University of Arizona Wildcats batting - Pitching for Rice University Owls : RHP Shamar Hansford
|
Pitching: RHP Shamar Hansford
|
|
Batting: LHB Pascal Noël
|
0-0: Ball 1-0: Foul Ball, location: 2F 1-1: Foul Ball, location: 2F 1-2: DOUBLE (Flyball, 89XD, EV 98.8 MPH)
|
Batting: LHB Edelberto Barbas
|
0-0: Ball 1-0: 2-RUN HOME RUN (Line Drive, 89XD, EV 109.4 MPH), Distance : 427 ft
|
Batting: RHB C.J. Wells
|
0-0: Ball 1-0: Called Strike 1-1: Foul Ball, location: 2F 1-2: Ball 2-2: SINGLE (Line Drive, 78S, EV 105.6 MPH)
|
Batting: RHB Ron Dondale
|
0-0: Ball 1-0: Foul Ball, location: 2F 1-1: Ball 2-1: Foul Ball, location: 2F 2-2: Ball 3-2: Foul Ball, location: 2F 3-2: Fly out, F3 (Line Drive, 3, EV 71.9 MPH)
|
Batting: LHB Josh Glass
|
0-0: Foul Ball, location: 2F 0-1: Foul Ball, location: 2F 0-2: Ball C.J. Wells steals 2nd base 1-2: Fly out, F7 (Flyball, 78S, EV 95.0 MPH)
|
Batting: RHB Alejandro de Jesus
|
0-0: Ground out 6-3 (Groundball, 6, EV 78.8 MPH)
|
Top of the 1st over - 2 runs, 3 hits, 0 errors, 1 left on base; University of Arizona 2 - Rice University 0 |
BOTTOM OF THE 1ST |
Rice University Owls batting - Pitching for University of Arizona Wildcats : LHP Matthew Cox
|
Pitching: RHP Josh Carey
|
|
Batting: SHB Yu-hsui Lew
|
0-0: Called Strike 0-1: Ball 1-1: Foul Ball, location: 2F 1-2: Strikes out swinging
|
Batting: LHB Dave Marin
|
0-0: Fly out, F4 (Flyball, 4D, EV 93.1 MPH)
|
Batting: RHB Fred Saxton
|
0-0: Ball 1-0: Ball 2-0: Called Strike 2-1: Ball 3-1: Base on Balls
|
Batting: RHB Adrian Quilantan
|
0-0: Ball 1-0: SINGLE (Groundball, 56D, EV 97.5 MPH) Fred Saxton to second
|
Batting: LHB David Coatney
|
0-0: Ball 1-0: Ball 2-0: Called Strike 2-1: Ground out 1-3 (Groundball, 34S, EV 69.4 MPH)
|
Bottom of the 1st over - 0 runs, 1 hit, 0 errors, 2 left on base; University of Arizona 2 - Rice University 0 |
TOP OF THE 2ND |
University of Arizona Wildcats batting - Pitching for Rice University Owls : RHP Shamar Hansford
|
Batting: RHB Jose Velez
|
0-0: Ball 1-0: Ball 2-0: SINGLE (Groundball, 4MD, EV 98.1 MPH)
|
Batting: LHB Gary Corrales
|
0-0: Ball 1-0: Swinging Strike 1-1: Foul Ball, location: 2F 1-2: Strikes out swinging
|
Batting: RHB Teddy Bonaddio
|
0-0: Foul Ball, location: 2F 0-1: Ball 1-1: Called Strike 1-2: Ball 2-2: Strikes out swinging
|
Batting: LHB Pascal Noël
|
0-0: Ball 1-0: Foul Ball, location: 2F 1-1: Ball 2-1: Ball 3-1: Base on Balls Jose Velez to second
|
Batting: LHB Edelberto Barbas
|
0-0: Ground out 4-3 (Groundball, 4D, EV 102.5 MPH)
|
Top of the 2nd over - 0 runs, 1 hit, 0 errors, 2 left on base; University of Arizona 2 - Rice University 0 |
BOTTOM OF THE 2ND |
Rice University Owls batting - Pitching for University of Arizona Wildcats : RHP Josh Carey
|
Batting: RHB Bobby Johannsen
|
0-0: Called Strike 0-1: Foul Ball, location: 2F 0-2: Ball 1-2: Fly out, F6 (Line Drive, 6, EV 63.8 MPH)
|
Batting: RHB Alex Valadez
|
0-0: Ground out 1-3 (Groundball, P, EV 70.6 MPH)
|
Batting: SHB Joan Coucieiro
|
0-0: Ball 1-0: Foul Ball, location: 2F 1-1: Foul Ball, location: 2F 1-2: Foul Ball, location: 2F 1-2: Ball 2-2: Foul Ball, location: 2F 2-2: Ball 3-2: DOUBLE (Flyball, 89D, EV 94.4 MPH)
|
Batting: RHB Yu-zeng Mai
|
0-0: Ball 1-0: Fly out, F8 (Flyball, 8RD, EV 92.5 MPH)
|
Bottom of the 2nd over - 0 runs, 1 hit, 0 errors, 1 left on base; University of Arizona 2 - Rice University 0 |
TOP OF THE 3RD |
University of Arizona Wildcats batting - Pitching for Rice University Owls : RHP Shamar Hansford
|
Batting: RHB C.J. Wells
|
0-0: Fly out, F5 (Popup, 56S, EV 85.0 MPH)
|
Batting: RHB Ron Dondale
|
0-0: DOUBLE (Line Drive, 8RXD, EV 108.1 MPH)
|
Batting: LHB Josh Glass
|
0-0: Swinging Strike 0-1: Ball 1-1: Swinging Strike 1-2: Foul Ball, location: 2F 1-2: Ball 2-2: Foul Ball, location: 2F 2-2: Ball 3-2: Fly out, F7 (Flyball, 78M, EV 96.9 MPH)
|
Batting: RHB Alejandro de Jesus
|
0-0: Called Strike 0-1: Ball 1-1: Fly out, F3 (Line Drive, 34, EV 73.8 MPH)
|
Top of the 3rd over - 0 runs, 1 hit, 0 errors, 1 left on base; University of Arizona 2 - Rice University 0 |
BOTTOM OF THE 3RD |
Rice University Owls batting - Pitching for University of Arizona Wildcats : RHP Josh Carey
|
Pitching: RHP Steve Wiest
|
|
Batting: SHB Yu-hsui Lew
|
0-0: Called Strike 0-1: Swinging Strike 0-2: Strikes out swinging
|
Batting: LHB Dave Marin
|
0-0: Ball 1-0: Fly out, F8 (Flyball, 8LS, EV 94.4 MPH)
|
Batting: RHB Fred Saxton
|
0-0: SINGLE (Groundball, 6MD, EV 108.8 MPH)
|
Batting: RHB Adrian Quilantan
|
0-0: Called Strike 0-1: Ground out 5-3 (Groundball, 56S, EV 91.9 MPH)
|
Bottom of the 3rd over - 0 runs, 1 hit, 0 errors, 1 left on base; University of Arizona 2 - Rice University 0 |
TOP OF THE 4TH |
University of Arizona Wildcats batting - Pitching for Rice University Owls : RHP Shamar Hansford
|
Batting: RHB Jose Velez
|
0-0: Ball 1-0: Ball 2-0: Ball 3-0: Called Strike 3-1: Foul Ball, location: 2F 3-2: Fly out, F9 (Flyball, 9D, EV 94.4 MPH)
|
Batting: LHB Gary Corrales
|
0-0: Ball 1-0: Swinging Strike 1-1: Swinging Strike 1-2: Ball 2-2: Foul Ball, location: 2F 2-2: Foul Ball, location: 2F 2-2: Ground out U3 (Groundball, 3, EV 103.1 MPH)
|
Batting: RHB Teddy Bonaddio
|
0-0: Called Strike 0-1: Foul Ball, location: 2F 0-2: Ground out 6-3 (Groundball, 6, EV 98.8 MPH)
|
Top of the 4th over - 0 runs, 0 hits, 0 errors, 0 left on base; University of Arizona 2 - Rice University 0 |
BOTTOM OF THE 4TH |
Rice University Owls batting - Pitching for University of Arizona Wildcats : RHP Steve Wiest
|
Batting: LHB David Coatney
|
0-0: Ball 1-0: Fly out, F7 (Line Drive, 7LM, EV 86.2 MPH)
|
Batting: RHB Bobby Johannsen
|
0-0: Fly out, F9 (Flyball, 89M, EV 81.9 MPH)
|
Batting: RHB Alex Valadez
|
0-0: Ball 1-0: Ground out 3-1 (Groundball, 34S, EV 81.9 MPH)
|
Bottom of the 4th over - 0 runs, 0 hits, 0 errors, 0 left on base; University of Arizona 2 - Rice University 0 |
TOP OF THE 5TH |
University of Arizona Wildcats batting - Pitching for Rice University Owls : RHP Shamar Hansford
|
Now at 1B: Martin Boyle
|
|
Now at 2B: Eric Russell
|
|
Now at 3B: Manny Aponte
|
|
Batting: LHB Pascal Noël
|
0-0: Called Strike 0-1: Swinging Strike 0-2: Ball 1-2: SINGLE (Line Drive, 8LS, EV 103.1 MPH)
|
Pitching: RHP Steve Seaman
|
|
Batting: LHB Andrew Davis
|
0-0: Swinging Strike 0-1: Foul Ball, location: 2F 0-2: Foul Ball, location: 2F 0-2: Ball 1-2: Ball 2-2: Foul Ball, location: 2F 2-2: Ball 3-2: Foul Ball, location: 2F 3-2: Fly out, F6 (Popup, 6, EV 61.2 MPH)
|
Pinch Hitting: LHB Jere Paatelainen
|
0-0: Called Strike 0-1: Foul Ball, location: 2F 0-2: Ball 1-2: Ball 2-2: Foul Ball, location: 2F 2-2: Grounds into double play, 4-6-3 (Groundball, 4, EV 88.8 MPH)
|
Top of the 5th over - 0 runs, 1 hit, 0 errors, 0 left on base; University of Arizona 2 - Rice University 0 |
BOTTOM OF THE 5TH |
Rice University Owls batting - Pitching for University of Arizona Wildcats : RHP Steve Wiest
|
Pitching: RHP Jesus Castaneda
|
|
Now at C: George Grace
|
|
Now in CF: Josh Carpenter
|
|
Batting: SHB Joan Coucieiro
|
0-0: Ball 1-0: Called Strike 1-1: Called Strike 1-2: Strikes out swinging
|
Batting: RHB Yu-zeng Mai
|
0-0: Ball 1-0: Swinging Strike 1-1: Foul Ball, location: 2F 1-2: Ball 2-2: Strikes out looking
|
Batting: LHB Eric Russell
|
0-0: Called Strike 0-1: Foul Ball, location: 2F 0-2: Ground out 1-3 (Groundball, 15S, EV 72.5 MPH)
|
Bottom of the 5th over - 0 runs, 0 hits, 0 errors, 0 left on base; University of Arizona 2 - Rice University 0 |
TOP OF THE 6TH |
University of Arizona Wildcats batting - Pitching for Rice University Owls : RHP Steve Seaman
|
Now at C: Willie Marquez
|
|
Pinch Hitting: RHB Pedro Lopez
|
0-0: Called Strike 0-1: Ball 1-1: Ball 2-1: Swinging Strike 2-2: Ground out 4-3 (Groundball, 4, EV 82.5 MPH)
|
Batting: SHB George Grace
|
0-0: Called Strike 0-1: Foul Ball, location: 2F 0-2: Ball 1-2: Ball 2-2: Foul Ball, location: 2F 2-2: Ball 3-2: Ground out U3 (Groundball, 3, EV 85.0 MPH)
|
Pinch Hitting: RHB Alex Ruschin
|
0-0: Ball 1-0: Foul Ball, location: 2F 1-1: Ball 2-1: Fly out, F9 (Line Drive, 9, EV 91.2 MPH)
|
Top of the 6th over - 0 runs, 0 hits, 0 errors, 0 left on base; University of Arizona 2 - Rice University 0 |
BOTTOM OF THE 6TH |
Rice University Owls batting - Pitching for University of Arizona Wildcats : RHP Jesus Castaneda
|
Pitching: RHP Jimmy Serna
|
|
Now at 2B: Rob Price
|
|
Now at SS: Blake Grover
|
|
Now in RF: Luke Bertrand
|
|
Batting: RHB Martin Boyle
|
0-0: Ball 1-0: Ball 2-0: Ball 3-0: Base on Balls
|
Pinch Hitting: RHB Chris DeLuise
|
0-0: Called Strike 0-1: Swinging Strike 0-2: Foul Ball, location: 2F 0-2: Ball 1-2: Strikes out swinging
|
Batting: LHB Willie Marquez
|
0-0: Called Strike 0-1: Called Strike 0-2: SINGLE (Line Drive, 7S, EV 108.1 MPH) Martin Boyle to second
|
Pinch Hitting: LHB Eddie Lemus
|
0-0: Ball 1-0: Foul Ball, location: 2F 1-1: Ball 2-1: Ball 3-1: SINGLE (Flyball, 8LS, EV 96.2 MPH) Martin Boyle to third Willie Marquez to second
|
Pinch Hitting: LHB David Goad
|
0-0: Fly out, F9 (Flyball, 9, EV 94.4 MPH) Runner from 3rd tags up, SCORES, throw by RF
|
Pinch Hitting: RHB Russ Kennett
|
0-0: Called Strike 0-1: Foul Ball, location: 2F 0-2: Strikes out swinging
|
Bottom of the 6th over - 1 run, 2 hits, 0 errors, 2 left on base; University of Arizona 2 - Rice University 1 |
TOP OF THE 7TH |
University of Arizona Wildcats batting - Pitching for Rice University Owls : RHP Steve Seaman
|
Pitching: RHP Takeru Inoue
|
|
Now at 3B: Chris DeLuise
|
|
Now at SS: Roderick Speed
|
|
Now in LF: Eddie Lemus
|
|
Now in CF: Russ Kennett
|
|
Batting: RHB Blake Grover
|
0-0: Called Strike 0-1: Fly out, F7 (Flyball, 78M, EV 89.4 MPH)
|
Pinch Hitting: RHB Scott Anderson
|
0-0: Fly out, F9 (Flyball, 9S, EV 98.8 MPH)
|
Pinch Hitting: LHB Alex Aguilar
|
0-0: DOUBLE (Line Drive, 8RD, EV 95.0 MPH)
|
Pinch Hitting: RHB Mike Llamas
|
0-0: Fly out, F7 (Flyball, 78S, EV 90.6 MPH)
|
Top of the 7th over - 0 runs, 1 hit, 0 errors, 1 left on base; University of Arizona 2 - Rice University 1 |
BOTTOM OF THE 7TH |
Rice University Owls batting - Pitching for University of Arizona Wildcats : RHP Jimmy Serna
|
Pitching: RHP Chris Galloway
|
|
Now at 1B: Eddy Amaya
|
|
Now at 3B: Nick Cech
|
|
Now in LF: Rio Finnigan
|
|
Batting: RHB Alex Ruybalid
|
0-0: Foul Ball, location: 2F 0-1: Fly out, F8 (Flyball, 8RM, EV 94.4 MPH)
|
Pinch Hitting: LHB Randy Marquez
|
0-0: Called Strike 0-1: Foul Ball, location: 2F 0-2: Ball 1-2: Ball 2-2: Strikes out looking
|
Batting: LHB Eric Russell
|
0-0: Called Strike 0-1: Called Strike 0-2: SINGLE (Groundball, 34D, EV 100.0 MPH) (infield hit)
|
Batting: RHB Martin Boyle
|
0-0: Ball 1-0: Swinging Strike 1-1: Swinging Strike 1-2: Ball 2-2: Fly out, F8 (Line Drive, 8LM, EV 83.8 MPH)
|
Bottom of the 7th over - 0 runs, 1 hit, 0 errors, 1 left on base; University of Arizona 2 - Rice University 1 |
TOP OF THE 8TH |
University of Arizona Wildcats batting - Pitching for Rice University Owls : RHP Takeru Inoue
|
Now in RF: Randy Marquez
|
|
Batting: LHB Andrew Davis
|
0-0: Called Strike 0-1: Ball 1-1: Ball 2-1: Called Strike 2-2: Strikes out looking
|
Batting: RHB Josh Carpenter
|
0-0: Ball 1-0: Fly out, F9 (Flyball, 9, EV 90.0 MPH)
|
Batting: RHB Luke Bertrand
|
0-0: Called Strike 0-1: Ball 1-1: Foul Ball, location: 2F 1-2: Strikes out swinging
|
Top of the 8th over - 0 runs, 0 hits, 0 errors, 0 left on base; University of Arizona 2 - Rice University 1 |
BOTTOM OF THE 8TH |
Rice University Owls batting - Pitching for University of Arizona Wildcats : RHP Chris Galloway
|
Pitching: RHP Fita Muzorewa
|
|
Pinch Hitting: RHB Alonzo Cardona
|
0-0: Called Strike 0-1: Fly out, F6 (Popup, 6D, EV 70.6 MPH)
|
Batting: LHB Willie Marquez
|
0-0: Called Strike 0-1: Ball 1-1: Foul Ball, location: 2F 1-2: Ball 2-2: Foul Ball, location: 2F 2-2: Ball 3-2: Foul Ball, location: 2F 3-2: Strikes out looking
|
Batting: LHB Eddie Lemus
|
0-0: Called Strike 0-1: SINGLE (Line Drive, 9S, EV 93.8 MPH)
|
Batting: SHB Roderick Speed
|
0-0: Ball 1-0: Ground out 4-3 (Groundball, 34, EV 91.2 MPH)
|
Bottom of the 8th over - 0 runs, 1 hit, 0 errors, 1 left on base; University of Arizona 2 - Rice University 1 |
TOP OF THE 9TH |
University of Arizona Wildcats batting - Pitching for Rice University Owls : RHP Takeru Inoue
|
Pitching: LHP Killian Wellman
|
|
Now at 3B: Alonzo Cardona
|
|
Pinch Hitting: RHB Jason Lambert
|
0-0: Ball 1-0: Ball 2-0: Foul Ball, location: 2F 2-1: Called Strike 2-2: SINGLE (Flyball, 56D, EV 98.1 MPH)
|
Pitching: RHP John Kerfoot
|
|
Batting: RHB Rob Price
|
0-0: Sac Bunt to 2L - play at first, batter OUT! 2-4 Jason Lambert to second
|
Pinch Hitting: LHB Lihau Keawe
|
0-0: Ball 1-0: Ground out 1-3 (Groundball, 13S, EV 63.8 MPH) Jason Lambert to third
|
Batting: RHB Eddy Amaya
|
0-0: Called Strike 0-1: Called Strike 0-2: Foul Ball, location: 2F 0-2: Ball 1-2: Ball 2-2: Ball 3-2: Fly out, F8 (Line Drive, 89M, EV 91.9 MPH)
|
Top of the 9th over - 0 runs, 1 hit, 0 errors, 1 left on base; University of Arizona 2 - Rice University 1 |
BOTTOM OF THE 9TH |
Rice University Owls batting - Pitching for University of Arizona Wildcats : RHP Fita Muzorewa
|
Pitching: LHP Jessie Leslie
|
|
Now at C: Larry Harlow
|
|
Now at SS: Victor Garcia
|
|
Pinch Hitting: RHB Carlos Saldivar
|
0-0: Ball 1-0: Ball 2-0: Ground out 1-3 (Groundball, 15S, EV 69.4 MPH)
|
Batting: RHB Raul Vargas
|
0-0: SINGLE (Line Drive, 6D, EV 101.9 MPH)
|
Batting: LHB Randy Marquez
|
0-0: Foul Ball, location: 2F 0-1: SINGLE (Line Drive, 8LS, EV 100.0 MPH) Raul Vargas to second Runner from 2nd tries for 3rd, SAFE, no throw by CF
|
Batting: LHB Eric Russell
|
0-0: Swinging Strike 0-1: Fly out, F7 (Line Drive, 7, EV 107.5 MPH) Runner from 3rd tags up, SCORES, throw by LF
|
Batting: RHB Martin Boyle
|
0-0: Hit by Pitch Randy Marquez to second
|
Batting: RHB Alonzo Cardona
|
0-0: Ball 1-0: Foul Ball, location: 2F 1-1: Ball 2-1: Ball 3-1: Swinging Strike 3-2: Strikes out swinging
|
Bottom of the 9th over - 1 run, 2 hits, 0 errors, 2 left on base; University of Arizona 2 - Rice University 2 |
TOP OF THE 10TH |
University of Arizona Wildcats batting - Pitching for Rice University Owls : RHP John Kerfoot
|
Pitching: RHP Jeremy Kaylor
|
|
Now in CF: Carlos Saldivar
|
|
Batting: RHB Rio Finnigan
|
0-0: Ball 1-0: Ball 2-0: Ground out 5-3 (Groundball, 56, EV 101.2 MPH)
|
Pitching: LHP Joel Brown
|
|
Batting: RHB Nick Cech
|
0-0: Foul Ball, location: 2F 0-1: Called Strike 0-2: Ball 1-2: Strikes out swinging
|
Batting: SHB Tim Lloyd
|
0-0: Called Strike 0-1: Called Strike 0-2: Foul Ball, location: 2F 0-2: Ball 1-2: Fly out, F4 (Popup, 34, EV 51.2 MPH)
|
Top of the 10th over - 0 runs, 0 hits, 0 errors, 0 left on base; University of Arizona 2 - Rice University 2 |
BOTTOM OF THE 10TH |
Rice University Owls batting - Pitching for University of Arizona Wildcats : LHP Jessie Leslie
|
Pitching: LHP Juan Quiroz
|
|
Pinch Hitting: RHB John Burgis
|
0-0: SINGLE (Line Drive, 6MD, EV 98.8 MPH)
|
Batting: LHB Eddie Lemus
|
0-0: Ball 1-0: Swinging Strike 1-1: Ball 2-1: Ball 3-1: Base on Balls John Burgis to second
|
Batting: SHB Roderick Speed
|
0-0: Called Strike 0-1: Sac Bunt to 2L - play at first, batter OUT! 2-4 John Burgis to third Eddie Lemus to second
|
Batting: RHB Carlos Saldivar
|
0-0: Swinging Strike 0-1: 3-RUN HOME RUN (Flyball, 9D, EV 95.6 MPH), Distance : 370 ft
|
Bottom of the 10th over - 3 runs, 2 hits, 0 errors, 0 left on base; University of Arizona 2 - Rice University 5 |
|